Map: Automaton LE

Players

DangMinhVn

  • Race: Terran Terran
  • League: Platinum
  • Spawn Location: 3:00

BadFaith - Winner!

  • Race: Zerg Zerg
  • League: Platinum
  • Spawn Location: 9:00

VOD

Have the link to the VOD?

Description

Time

  • Played on: Dec. 8, 2018, 8:42 a.m.
  • Length: 14:14
Show
View Real Time Build Order
Export as new Build Order

DangMinhVn Terran 

Build Orders:  

Get SALT Encoding   

  12  0:02  SCV  
  13  0:14  SCV  
  14  0:26  SCV, Supply Depot  
  15  0:48  SCV  
  16  0:50  Barracks  
  16  0:54  Refinery  
  16  0:57  Refinery  
  16  1:00  SCV  
  17  1:08  Supply Depot  
  17  1:12  SCV  
  18  1:24  SCV  
  19  1:36  SCV  
  19  1:39  Barracks Reactor  
  20  1:48  SCV  
  20  1:52  Factory  
  21  2:00  SCV  
  22  2:10  Factory  
  22  2:13  SCV  
  22  2:15  Marine x2  
  25  2:25  SCV  
  26  2:36  Factory Tech Lab  
  26  2:37  Marine  
  26  2:38  Marine, Supply Depot  
  28  3:09  Factory Tech Lab  
  28  3:10  Siege Tank  
  28  3:11  Marine x2  
  33  3:14  Supply Depot  
  33  3:16  Supply Depot  
  33  3:29  Marine x2, Siege Tank  
  38  3:40  Engineering Bay  
  38  3:48  Siege Tank  
  41  3:55  Marine x2  
  43  4:06  Siege Tank  
  46  4:23  Siege Tank  
  49  4:24  Marine x2  
  51  4:38  Supply Depot  
  51  4:42  Marine x2  
  53  4:46  Supply Depot  
  53  5:00  Marine x2  
  55  5:08  Siege Tank  
  55  5:09  Siege Tank  
  60  5:26  Marine  
  60  5:27  Marine  
  62  5:30  Supply Depot  
  62  5:44  Marine x2  
  47  6:11  Siege Tank  
  47  6:12  Siege Tank  
  47  6:14  Marine x2  
  50  6:31  Marine  
  50  6:32  Marine  
  42  6:49  Marine x2  
  41  7:03  Siege Tank x2  
  41  7:07  Marine x2  
  49  7:08  Terran Infantry Weapons Level 1  
  49  7:11  Barracks  
  49  7:17  Barracks  
  49  7:25  Marine x2  
  45  7:51  Command Center  
  45  7:54  Siege Tank  
  45  7:56  Marine x2  
  50  8:06  Barracks Reactor  
  50  8:07  Barracks Reactor  
  50  8:12  Supply Depot  
  50  8:20  Armory  
  27  9:03  Siege Tank  
  27  9:04  Siege Tank  
  27  9:06  Marine x2  
  27  9:07  Terran Infantry Armor Level 1  
  27  9:08  Marine  
  27  9:09  Marine  
  37  9:55  Hellbat x2  
  37  9:56  Marine x2  
  37  9:57  Marine x2  
  45  10:01  Marine x2  
  47  10:19  Marine  
  46  10:45  Planetary Fortress  
  46  10:49  Marine x2  
  46  10:51  Marine x2  
  46  10:56  Engineering Bay  
  49  10:59  Marine x2  
  49  11:01  Terran Infantry Weapons Level 2  
  51  11:09  Hellbat  
  53  11:17  Hellbat  
  56  11:36  Orbital Command  
  55  11:40  SCV  
  56  11:52  SCV  
  57  12:03  Refinery x2  
  57  12:04  SCV  
  34  12:16  SCV  
  34  12:20  Siege Tank  
  34  12:21  Siege Tank  
  38  12:23  Marine x2  
  38  12:25  Marine  
  38  12:29  SCV  
  42  12:31  SCV  
  43  12:41  SCV  
  44  12:53  SCV  
  44  12:55  Marine x2  
  44  12:56  Marine x3  
  50  13:17  SCV  
  50  13:19  SCV  
  52  13:29  SCV  
  52  13:31  SCV  
  38  13:47  Marine x2  
  38  13:48  Marine  
Show
View Real Time Build Order
Export as new Build Order

BadFaith Zerg - Winner!

Build Orders: Hatch First 

Get SALT Encoding   

  12  0:01  Drone  
  13  0:12  Overlord  
  13  0:18  Drone  
  14  0:34  Drone  
  14  0:35  Drone  
  16  0:37  Drone  
  17  0:47  Drone  
  18  1:02  Hatchery  
  17  1:06  Drone  
  17  1:07  Extractor  
  17  1:20  Spawning Pool  
  17  1:24  Drone  
  17  1:26  Drone  
  17  1:31  Drone  
  19  1:39  Drone  
  20  1:51  Overlord  
  20  2:00  Drone  
  21  2:06  Metabolic Boost  
  21  2:13  Queen  
  23  2:17  Zergling x4  
  26  2:22  Drone  
  26  2:34  Drone x2  
  28  2:39  Queen  
  30  2:49  Pneumatized Carapace  
  30  2:52  Drone x3  
  30  2:57  Overlord x2  
  33  3:08  Overlord  
  33  3:09  Overlord  
  33  3:16  Drone  
  34  3:26  Drone  
  35  3:27  Drone  
  35  3:29  Drone  
  37  3:35  Drone x2  
  37  3:37  Drone  
  37  3:39  Drone  
  41  3:43  Hatchery  
  41  3:44  Drone  
  41  3:48  Queen  
  43  3:54  Drone x3  
  46  4:02  Drone x2  
  48  4:19  Drone x3  
  48  4:20  Drone  
  48  4:23  Extractor x2  
  50  4:27  Extractor  
  49  4:32  Lair, Baneling Nest  
  49  4:35  Queen, Evolution Chamber x2  
  48  4:42  Drone x5  
  53  4:48  Extractor, Drone  
  53  4:52  Extractor  
  51  4:55  Zergling x2  
  51  4:59  Zergling x2  
  53  5:00  Zergling x2  
  53  5:06  Zergling x2  
  55  5:11  Zergling x6  
  58  5:17  Baneling x2  
  58  5:22  Baneling x4  
  58  5:26  Zergling x6  
  60  5:30  Baneling  
  60  5:31  Baneling x5  
  60  5:33  Overlord  
  60  5:38  Overlord x2  
  55  5:55  Zergling x12  
  56  6:09  Zergling x2  
  56  6:10  Zergling x6  
  60  6:17  Baneling x5  
  59  6:23  Zergling x2  
  59  6:24  Zergling x6  
  59  6:25  Queen  
  65  6:26  Queen  
  62  6:34  Zergling x6  
  62  6:35  Zergling x2  
  65  6:42  Zergling x2  
  61  6:51  Zergling x4  
  60  6:56  Zergling x2  
  60  7:01  Queen  
  60  7:07  Zergling x4  
  64  7:14  Hatchery  
  63  7:16  Zergling x2  
  63  7:17  Zergling x2  
  63  7:22  Zergling x6  
  68  7:24  Zerg Ground Armor Level 1  
  68  7:25  Hatchery  
  68  7:29  Zergling x4  
  61  7:38  Zergling x2, Drone  
  61  7:45  Baneling x6  
  61  7:48  Zergling x6  
  61  7:49  Zergling x4  
  66  7:58  Queen  
  69  8:05  Zergling x4  
  69  8:08  Zergling x2  
  71  8:20  Zergling x4  
  71  8:21  Zergling x6  
  71  8:22  Queen  
  71  8:23  Overseer  
  78  8:30  Zergling x2  
  78  8:31  Zergling x8  
  78  8:34  Queen  
  79  8:42  Zergling x8  
  79  8:46  Zergling x2  
  79  8:47  Zergling x6  
  81  8:51  Zergling x4  
  82  9:00  Zergling x12  
  82  9:02  Extractor x2, Drone  
  87  9:12  Hydralisk Den  
  87  9:13  Zerg Melee Weapons Level 1  
  87  9:15  Zergling x2  
  87  9:16  Zergling x12  
  93  9:19  Overlord  
  93  9:20  Queen  
  95  9:27  Zergling x2  
  96  9:35  Overlord x2  
  96  9:36  Overlord x3  
  96  9:40  Zerg Ground Armor Level 2  
  96  9:42  Muscular Augments  
  96  9:43  Hydralisk  
  96  9:44  Hydralisk  
  100  9:47  Baneling x3  
  100  9:54  Baneling x2  
  100  9:55  Queen, Baneling x6  
  102  10:00  Drone x2  
  102  10:02  Baneling x2  
  102  10:03  Baneling  
  102  10:06  Drone  
  105  10:07  Drone  
  93  10:36  Hydralisk x7  
  93  10:39  Drone x2  
  93  10:41  Drone  
  110  10:44  Overseer x2  
  110  10:48  Overlord  
  110  11:02  Drone x8  
  118  11:04  Drone  
  118  11:07  Baneling x3  
  118  11:08  Baneling x2  
  119  11:12  Grooved Spines  
  119  11:30  Drone x3  
  122  11:34  Extractor, Drone x3  
  122  11:36  Hatchery  
  122  11:37  Extractor  
  122  11:40  Drone x4  
  122  11:42  Drone  
  127  12:00  Centrifical Hooks  
  127  12:01  Spire  
  126  12:08  Hydralisk x3, Infestation Pit  
  126  12:13  Hydralisk x2  
  127  12:16  Zergling x2  
  127  12:17  Zergling x2  
  127  12:20  Baneling x5  
  129  12:34  Drone x10  
  139  12:42  Baneling  
  139  12:43  Baneling x7  
  139  12:44  Baneling x2  
  139  12:46  Drone x3  
  142  12:52  Hive  
  142  12:53  Drone  
  142  12:55  Drone  
  144  13:03  Drone x7  
  151  13:16  Corruptor x2  
  151  13:17  Corruptor  
  157  13:20  Overlord x2  
  142  13:43  Zergling x2  
  142  13:44  Zergling x40  
  142  13:45  Zergling x4  
Tags
 
Matchup
TvZ
Replay Pack
LEARN AGAIN
Spawn Locations
Cross Positions
Add a new tag
Caveats
  • Supply blocks, unpowered buildings, or Contaminate may cause inaccurate times.
  • Supply counts are checked every 10 seconds.